 Dungeon Crawl Stone Soup version 0.27-a0-1196-g3e9cee4cb2 (webtiles) character file.

Game seed: 12261315812103935321

56 Froggeryz the Covert (level 3, -2/35 HPs)
             Began as a Gnoll Delver on May 27, 2021.
             Slain by a centaur (5 damage)
             ... on level 2 of the Dungeon.
             The game lasted 00:01:52 (2360 turns).

Froggeryz the Covert (Gnoll Delver)                 Turns: 2360, Time: 00:01:53

Health: -2/35      AC:  3    Str: 12    XL:     3   Next: 97%
Magic:  4/4        EV: 13    Int:  9    God:
Gold:   77         SH:  0    Dex: 13    Spells: 4/4 levels left

rFire    . . .     SeeInvis .   a - +0 mace
rCold    . . .     Faith    .   (no shield)
rNeg     . . .     Spirit   .   b - +0 leather armour
rPois    .         Reflect  .   (no helmet)
rElec    .         Harm     .   (no cloak)
rCorr    .         Rampage  .   (no gloves)
Will     .....                  (no boots)
Stlth    ++++......             (no amulet)
HPRegen  0.11/turn              (no ring)
MPRegen  0.09/turn              (no ring)

@: no status effects
A: fangs 1, strong nose, distributed training
a: no special abilities


You were on level 2 of the Dungeon.
You visited 1 branch of the dungeon, and saw 5 of its levels.

You collected 77 gold pieces.

Inventory:

Hand Weapons
 a - a +0 mace (weapon)
 o - a +0 hunting sling
Missiles
 k - 89 stones (quivered)
Armour
 b - a +0 leather armour (worn)
Wands
 g - a wand of digging (3)
Scrolls
 c - a scroll of fog
 d - a scroll of magic mapping
 e - 2 scrolls of fear
 l - 2 scrolls of identify {unknown}
 m - a scroll of summoning {unknown}
 n - a scroll of noise {unknown}
 p - a scroll of enchant weapon {unknown}
Potions
 f - 2 potions of haste
 h - a potion of invisibility {unknown}
 i - a potion of resistance {unknown}
 j - 2 potions of lignification {unknown}


   Skills:
 + Level 6.5 Fighting
 + Level 1.0 Short Blades
 + Level 1.0 Long Blades
 + Level 1.0 Axes
 + Level 4.6 Maces & Flails
 + Level 1.0 Polearms
 + Level 1.0 Staves
 + Level 1.0 Slings
 + Level 1.0 Bows
 + Level 1.0 Crossbows
 + Level 1.0 Throwing
 + Level 1.0 Armour
 + Level 4.6 Dodging
 + Level 9.5 Stealth
 + Level 1.0 Shields
 + Level 1.0 Unarmed Combat
 + Level 1.0 Spellcasting
 + Level 0.7 Conjurations
 + Level 0.7 Hexes
 + Level 0.7 Summonings
 + Level 0.7 Necromancy
 + Level 0.7 Translocations
 + Level 0.7 Transmutations
 + Level 0.7 Fire Magic
 + Level 0.7 Ice Magic
 + Level 0.7 Air Magic
 + Level 0.7 Earth Magic
 + Level 0.7 Poison Magic
 + Level 1.1 Invocations
 + Level 1.0 Evocations


You had 4 spell levels left.
You didn't know any spells.
Your spell library contained the following spells:

 Spells                   Type           Power      Damage    Failure   Level
 Animate Skeleton         Necr           2%         N/A       34%         1
 Apportation              Tloc           2%         N/A       34%         1
 Corona                   Hex            1%         N/A       34%         1
 Magic Dart               Conj           4%         1d3       34%         1
 Summon Small Mammal      Summ           4%         N/A       34%         1
 Ensorcelled Hibernation  Hex/Ice        2%         N/A       45%         2
 Searing Ray              Conj           2%         3d3       45%         2
 Dazzling Flash           Conj/Hex       2%         N/A       71%         3
 Fulminant Prism          Conj/Hex       0%         3d6       98%         4
 Iskenderun's Mystic Bla  Conj/Tloc      1%         2d3       98%         4
 Silence                  Hex/Air        0%         N/A       100%        5
 Discord                  Hex            0%         N/A       100%        8


Dungeon Overview and Level Annotations

Branches:
Dungeon (5/15)
 Temple: D:4-7

Altars:


Innate Abilities, Weirdness & Mutations

You have very sharp teeth.
Your uncanny sense of smell can sniff out nearby items.
Your experience applies equally to all skills.


Message History

The centaur is moderately wounded.
The centaur hits you.
The centaur kicks you but does no damage.
The centaur hits you.
The centaur kicks you but does no damage.
You are too injured to fight recklessly!
You are too injured to fight recklessly!
You are too injured to fight recklessly!
You are too injured to fight recklessly!
You are too injured to fight recklessly!
You are too injured to fight recklessly!
You are too injured to fight recklessly!
You are too injured to fight recklessly!
You are too injured to fight recklessly!
You are too injured to fight recklessly!
You are too injured to fight recklessly!
You are too injured to fight recklessly!
You are too injured to fight recklessly!
You are too injured to fight recklessly!
You are too injured to fight recklessly!
You are too injured to fight recklessly!
You are too injured to fight recklessly!
You are too injured to fight recklessly!
You are too injured to fight recklessly!
You hit the centaur.
The centaur is severely wounded.
The centaur hits you. The centaur kicks you. The centaur barely misses you. x2
You barely miss the centaur.
The centaur is heavily wounded.
The centaur hits you.
* * * LOW HITPOINT WARNING * * *
The centaur closely misses you.
You hit the centaur but do no damage.
The centaur is heavily wounded.
The centaur hits you.
* * * LOW HITPOINT WARNING * * *
The centaur kicks you.
* * * LOW HITPOINT WARNING * * *
The centaur hits you.
You die...

.# #........## ##.## #.# .###
###.###### #.# ##.. .#.## #.# #.#
#... ..#.## #.# ##+## #.## ...#.#
##.## ##...## #.## ..#.## ##.#.##
##.....## #... .#.## ##...#.#
##.......## ###.
##.#####......####....†....####..
...............c@+.........'.....
##.#####......####.........####..
##.# ##....## ##.......## #..
.#.# ##.### ##.....## #.# .#.#
#.# ##...## #.. .#.# #.# ##'##
#.# .#.# #.# #.# #.# ...# #.# #.#
#.# .### #.# ##.########.#


You could see a centaur.

Vanquished Creatures
  An adder (D:2)
  2 dart slugs
  An orc (D:5)
  2 bats (D:1)
  An endoplasm (D:1)
  4 goblins
  7 hobgoblins
  3 jackals (D:1)
  5 kobolds
  2 quokkas (D:1)
  4 ball pythons
  A frilled lizard (D:2)
  6 rats
39 creatures vanquished.

Notes
Turn   | Place    | Note
-------+----------+-------------------------------------------
     0 | D:5      | Reached skill level 9 in Stealth
     0 | D:5      | Froggeryz the Gnoll Delver began the quest for the Orb.
     0 | D:5      | Reached XP level 1. HP: 23/23 MP: 1/1
   107 | D:5      | Noticed an iguana
   110 | D:5      | Noticed a scorpion
   290 | D:1      | Reached XP level 2. HP: 28/29 MP: 2/2
   600 | D:1      | Identified Sif Muna's Guide on Dislocated Fascination
   769 | D:1      | Reached XP level 3. HP: 27/35 MP: 3/3
  1552 | D:2      | Found a faded altar of an unknown god.
  1661 | D:2      | Reached skill level 1 in Invocations
  1834 | D:2      | Reached skill level 1 in Short Blades
  1834 | D:2      | Reached skill level 1 in Long Blades
  1834 | D:2      | Reached skill level 1 in Axes
  1834 | D:2      | Reached skill level 1 in Polearms
  1834 | D:2      | Reached skill level 1 in Staves
  1834 | D:2      | Reached skill level 1 in Slings
  1834 | D:2      | Reached skill level 1 in Bows
  1834 | D:2      | Reached skill level 1 in Crossbows
  1834 | D:2      | Reached skill level 1 in Throwing
  1834 | D:2      | Reached skill level 1 in Armour
  1834 | D:2      | Reached skill level 1 in Shields
  1834 | D:2      | Reached skill level 1 in Unarmed Combat
  1834 | D:2      | Reached skill level 1 in Spellcasting
  1834 | D:2      | Reached skill level 1 in Evocations
  2350 | D:3      | Noticed a centaur
  2360 | D:2      | Slain by a centaur

Illustrated notes

Levels and vault maps discovered:
D:1:      erik_arrival_triangle_small, layout_basic
D:2:      layout_loops_corners, hellmonk_ecumenical_altar_leap_of_faith
D:3:      layout_basic, gammafunk_ghost_split, uniq_crazy_yiuf_cottage
D:4:      layout_basic, tso_altar, kennysheep_little_box
D:5:      layout_rooms, okawaru_gym_becter, gup_sewer_entry_bubbles,
          uniq_grinder

Skill      XL: |  1  2  3 |
---------------+----------+-----
Stealth        | |  9.5
Invocations    | 1 |  1.1
Short Blades   | 1 |  1.0
Long Blades    | 1 |  1.0
Axes           | 1 |  1.0
Polearms       | 1 |  1.0
Staves         | 1 |  1.0
Slings         | 1 |  1.0
Bows           | 1 |  1.0
Crossbows      | 1 |  1.0
Throwing       | 1 |  1.0
Armour         | 1 |  1.0
Shields        | 1 |  1.0
Unarmed Combat | 1 |  1.0
Spellcasting   | 1 |  1.0
Evocations     | 1 |  1.0
Fighting       | |  6.5
Maces & Flails | |  4.6
Dodging        | |  4.6
Conjurations   | |  0.7
Hexes          | |  0.7
Summonings     | |  0.7
Necromancy     | |  0.7
Translocations | |  0.7
Transmutations | |  0.7
Fire Magic     | |  0.7
Ice Magic      | |  0.7
Air Magic      | |  0.7
Earth Magic    | |  0.7
Poison Magic   | |  0.7

Action                   || total
-------------------------++-------
Melee: Mace              ||   129
       Bite              ||    12
       Punch             ||     1
 Stab: Sleeping          ||    15
Armor: Leather armour    ||    23
Dodge: Dodged            ||    92

Table legend: (Time is in decaauts)
 A = Elapsed time spent in this place.
 B = Non-inter-level travel time spent in this place.
 C = Inter-level travel time spent in this place.
 D = Time resting spent in this place.
 E = Time spent auto-exploring this place.
 F = Levels seen in this place.
 G = Mean time per level.
                   A        B        C        D        E       F      G
               +--------+--------+--------+--------+--------+-----+--------+
         Total |   2383 |   2314 |     69 |     67 |   1873 |   5 |  476.6 |
       Dungeon |   2383 |   2314 |     69 |     67 |   1873 |   5 |  476.6 |
               +--------+--------+--------+--------+--------+-----+--------+

Top non-repeatable levels by time:
     D:2: 1148 daAuts
     D:1: 1072 daAuts
     D:5: 113 daAuts
     D:3: 46 daAuts
     D:4: 3 daAuts
